 Dungeon Crawl Stone Soup version 0.24-a0-251-g44e327e (webtiles) character file.

Game seed: 5622235570618993054

30657 Borgoz the Covert (level 13, -2/126 HPs)
             Began as a Kobold Gladiator on Apr 16, 2019.
             Was a Priest of Ashenzari.
             Slain by a freezing wraith (8 damage)
             ... on level 14 of the Dungeon.
             The game lasted 00:29:27 (13047 turns).

Borgoz the Covert (Kobold Gladiator)               Turns: 13047, Time: 00:29:28

Health: -2/126     AC: 26    Str: 15    XL:     13   Next: 90%
Magic:  13/13      EV:  3    Int:  9    God:    Ashenzari [***...]
Gold:   759        SH:  0    Dex: 21    Spells: 12/12 levels left

rFire    + . .     SeeInvis +   a - +4 short sword (drain)
rCold    + + .     Gourm    .   (shield restricted)
rNeg     + + +     Faith    .   (armour currently unavailable)
rPois    +         Spirit   .   (helmet currently unavailable)
rElec    +         Reflect  .   (cloak currently unavailable)
rCorr    +         Harm     .   (gloves currently unavailable)
MR       .....     NoTele   +   (boots currently unavailable)
Stlth    ++++++....             r - amulet of regeneration
HPRegen  0.71/turn              e - +3 ring of dexterity
MPRegen  0.13/turn              B - ring of protection from cold

@: tree-form, resistant, slowed, very slow
A: small, carnivore
a: Curse Item, Scrying, Renounce Religion


You were on level 14 of the Dungeon.
You worshipped Ashenzari.
Ashenzari was most pleased with you.
You were very full.
You were a tree.
You visited 1 branch of the dungeon, and saw 14 of its levels.
You also visited: Bailey.

You collected 759 gold pieces.

Inventory:

Hand Weapons
 a - a +4 short sword of draining (weapon)
 b - a +1 dagger of electrocution
 d - a +0 rapier
 K - a +0 quick blade
 Q - a +2 short sword of draining
Armour
 h - the cursed +1 robe of Hadjma {rCorr}
   (You found it on level 8 of the Dungeon)

   It provides partial protection from all sources of acid and corrosion.
   It has a curse placed upon it.
 m - a +0 pair of boots (melded)
 z - a +0 cloak (melded)
 J - a +0 pair of gloves of dexterity (melded)
 M - the +2 scale mail of the Trilobite (melded) {+Inv rF++ Str-2 Stlth+}
   (You found it on level 11 of the Dungeon)

   It affects your strength (-2).
   It greatly protects you from fire.
   It lets you turn invisible.
   It makes you more stealthy.
 T - a +2 helmet (melded)
Jewellery
 e - a +3 ring of dexterity (left branch)
 j - an uncursed ring of protection from magic
 r - an amulet of regeneration (around neck)
 s - a +3 ring of intelligence
 B - a ring of protection from cold (right branch)
 P - an uncursed ring of ice
Wands
 c - a wand of disintegration (12)
 n - a wand of paralysis (15)
 E - a wand of enslavement (7)
 L - a wand of flame (16)
 R - a wand of digging (5)
Scrolls
 g - 10 scrolls of remove curse
 i - 6 scrolls of immolation
 k - 4 scrolls of magic mapping {unknown}
 l - 5 scrolls of teleportation
 o - 2 scrolls of fear {unknown}
 t - 7 scrolls of identify
 u - 5 scrolls of amnesia {unknown}
 v - 5 scrolls of blinking {unknown}
 x - 3 scrolls of enchant weapon {unknown}
 y - 2 scrolls of enchant armour {unknown}
 A - 2 scrolls of random uselessness {unknown}
 D - a scroll of vulnerability {unknown}
 G - 4 scrolls of fog
 H - a scroll of torment {unknown}
 S - a scroll of summoning {unknown}
Potions
 q - 2 potions of degeneration
 F - 2 potions of flight
 O - a potion of magic
Comestibles
 f - 23 rations


   Skills:
 + Level 11.3 Fighting
 + Level 13.5 Short Blades
 - Level 2.1 Throwing
 + Level 8.6 Armour
 + Level 12.4 Dodging
 + Level 13.9 Stealth


You had 12 spell levels left.
You didn't know any spells.
Your spell library contained the following spells:

 Spells                   Type           Power        Failure   Level  Hunger
 Cause Fear               Hex            #.........   99%         4    #####..
 Silence                  Hex/Air        #.........   100%        5    ######.
 Yara's Violent Unravell  Hex/Tmut       #.........   100%        5    ######.
 Deflect Missiles         Chrm/Air       #.........   100%        6    #######
 Discord                  Hex            #.........   100%        8    #######


Dungeon Overview and Level Annotations

Branches:
Dungeon (14/15)            Temple (0/1) D:5            Lair (0/6) D:10
    Orc (0/2) D:11
 Vaults: D:13-14

Altars:
Ashenzari
Cheibriados
Kikubaaqudgha
Okawaru
Vehumet
Wu Jian
Xom
Zin
The Shining One

Annotations:
D:13 Jorgrun, Kirke


Innate Abilities, Weirdness & Mutations

You are small and have problems with some larger weapons.
You are carnivorous and can eat meat at any time.


Message History

The freezing wraith is heavily damaged.
The freezing wraith hits you but does no damage. x2
Okay, then.
You hit the freezing wraith.
The freezing wraith is severely damaged.
You barely miss the freezing wraith.
The freezing wraith is severely damaged.
The freezing wraith hits you but does no damage. x2
You puncture the freezing wraith!
The freezing wraith is severely damaged.
The freezing wraith hits you but does no damage.
The freezing wraith hits you!
* * * LOW HITPOINT WARNING * * *
The freezing wraith drains your vigour!
You feel as though you will be slow longer.
You barely miss the freezing wraith.
The freezing wraith is severely damaged.
The freezing wraith completely misses you.
The freezing wraith hits you!
You die...

....# #............#
....# #...###......# *
...## #............#
..## #............+,
##### #............#
....#####.......)....#
###..................#
..#######............#
...#* ###.....♣W...# *
....# ##'###........
...[# #.# #........ *
....# #.# #........
...#########.#
#........
..##.....)...#
#........
####'#########
#........ ,
...........# #........
, ......Q....##### , ,
,, *


You could see a freezing wraith.

Vanquished Creatures
  A slime creature (D:12)
  A hydra (D:11)
  A centaur warrior (D:14)
  4 two-headed ogres
  A death knight (D:13)
  3 death yaks (D:10)
  2 tengu warriors (D:14)
  Sonja (D:12)
  An unseen horror (D:10)
  A deep elf mage (D:13)
  An orc knight (Bailey)
  4 ugly things
  2 cyclopes
  5 centaur zombies
  3 gargoyles
  A yaktaur (D:14)
  A freezing wraith (D:14)
  2 efreet
  A troll (D:14)
  2 meliai (D:14)
  A hornet (D:12)
  6 hippogriffs
  Sigmund (D:5)
  9 yaks
  3 wraiths
  A wyvern (D:12)
  A shadow (D:14)
  A basilisk (D:14)
  3 hogs (D:13)
  2 chaos spawn (D:12)
  A steam dragon (D:10)
  4 vampire mosquitoes
  Menkaure (D:4)
  An acid dragon (D:14)
  9 orc warriors
  3 sky beasts
  9 ice beasts
  2 eyes of draining
  A phantom (D:10)
  2 necrophages
  6 ogres
  12 centaurs
  2 crocodiles
  An elf zombie (D:8)
  2 big kobolds
  5 bullfrogs
  2 wyvern skeletons
  5 scorpions
  14 killer bees
  6 wights
  A howler monkey (D:14)
  10 crimson imps
  11 hounds
  4 jellies
  3 orc priests
  2 bullfrog skeletons
  Crazy Yiuf (D:5)
  A gnoll shaman (D:7)
  4 human zombies (D:8)
  4 centaur skeletons
  A human skeleton (D:8)
  3 iguanas
  2 orc wizards
  10 worker ants
  2 killer bee zombies
  A hound zombie (D:5)
  2 hound skeletons
  2 mummies (D:8)
  A worker ant zombie (D:10)
  10 adders
  12 gnolls
  A howler monkey skeleton (D:8)
  2 shadow imps
  A white imp (D:5)
  2 oozes
  An adder zombie (D:5)
  2 worms
  A dart slug (D:1)
  4 leopard geckos
  25 orcs
  A ball python (D:2)
  4 bats
  A giant cockroach (D:3)
  7 goblins
  8 hobgoblins
  9 jackals
  9 quokkas
  2 frilled lizards
  3 goblin zombies (D:5)
  A hobgoblin zombie (D:5)
  31 kobolds
  A kobold skeleton (D:5)
  2 kobold zombies (D:5)
  2 orc skeletons (D:5)
  2 orc zombies (D:8)
  6 rats
369 creatures vanquished.

Vanquished Creatures (collateral kills)
  An orc warrior (Bailey)
  A goblin (Bailey)
2 creatures vanquished.

Grand Total: 371 creatures vanquished

Notes
Turn   | Place    | Note
-------+----------+-------------------------------------------
     0 | D:1      | Borgoz the Kobold Gladiator began the quest for the Orb.
     0 | D:1      | Reached XP level 1. HP: 12/12 MP: 1/1
   190 | D:1      | Reached XP level 2. HP: 8/18 MP: 2/2
   360 | D:1      | Reached skill level 1 in Stealth
   488 | D:1      | Reached XP level 3. HP: 14/22 MP: 3/3
  1387 | D:2      | Reached skill level 1 in Armour
  1387 | D:2      | Reached XP level 4. HP: 26/27 MP: 4/4
  2009 | D:3      | Reached XP level 5. HP: 32/32 MP: 5/5
  2056 | D:3      | Found a shattered altar of Ashenzari.
  2075 | D:3      | Became a worshipper of Ashenzari the Shackled
  2465 | D:3      | Found an iron altar of Okawaru.
  2967 | D:4      | Noticed an ogre
  2988 | D:4      | Killed an ogre
  2988 | D:4      | Reached skill level 5 in Short Blades
  2988 | D:4      | Reached XP level 6. HP: 27/37 MP: 6/6
  3052 | D:4      | Noticed an ogre
  3065 | D:4      | Killed an ogre
  3134 | D:4      | Noticed Menkaure
  3140 | D:4      | Reached skill level 5 in Dodging
  3171 | D:4      | Killed Menkaure
  3171 | D:4      | Reached XP level 7. HP: 23/43 MP: 7/7
  3407 | D:4      | Reached * piety under Ashenzari
  3586 | D:4      | Found a glowing silver altar of Zin.
  3621 | D:5      | Entered Level 5 of the Dungeon
  3838 | D:5      | Reached skill level 5 in Stealth
  3838 | D:5      | Reached XP level 8. HP: 38/48 MP: 8/8
  3863 | D:5      | Found a glowing golden altar of the Shining One.
  3985 | D:5      | Found a staircase to the Ecumenical Temple.
  4050 | D:5      | Noticed Sigmund
  4052 | D:5      | Killed Sigmund
  4052 | D:5      | Reached skill level 5 in Fighting
  4173 | D:5      | Found a runed translucent door.
  4174 | D:5      | Noticed Crazy Yiuf
  4543 | D:5      | Killed Crazy Yiuf
  4638 | D:6      | Reached XP level 9. HP: 34/54 MP: 9/9
  5668 | D:7      | Reached ** piety under Ashenzari
  5676 | D:7      | Found a radiant altar of Vehumet.
  5700 | D:7      | Found an ornate altar of the Wu Jian Council.
  6136 | D:7      | HP: 4/84 [orc warrior/+0 flail (2)]
  6322 | D:8      | Noticed a hippogriff
  6338 | D:8      | Killed a hippogriff
  6425 | D:8      | Reached XP level 10. HP: 57/61 MP: 10/10
  6794 | D:8      | Got the cursed robe of Hadjma {rCorr}
  6886 | D:8      | Noticed a two-headed ogre
  6913 | D:8      | Killed a two-headed ogre
  6913 | D:8      | Reached skill level 5 in Armour
  7003 | D:8      | Found a snail-covered altar of Cheibriados.
  7404 | D:8      | Found an ancient bone altar of Kikubaaqudgha.
  7803 | D:10     | Entered Level 10 of the Dungeon
  7880 | D:10     | Reached skill level 10 in Short Blades
  7882 | D:10     | Found a flagged portal.
  7886 | D:10     | Reached XP level 11. HP: 67/67 MP: 11/11
  7903 | Bailey   | Entered a bailey
  8134 | Bailey   | Reached skill level 10 in Stealth
  8136 | Bailey   | Noticed an orc knight
  8160 | Bailey   | Killed an orc knight
  8399 | D:10     | Noticed a two-headed ogre
  8439 | D:10     | Killed a two-headed ogre
  8549 | D:10     | Noticed a death yak
  8551 | D:10     | Found a staircase to the Lair.
  8554 | D:10     | Noticed a death yak
  8554 | D:10     | Noticed a death yak
  8617 | D:10     | Killed a death yak
  8622 | D:10     | Killed a death yak
  8622 | D:10     | Reached skill level 10 in Dodging
  8664 | D:10     | Killed a death yak
  8886 | D:10     | Killed an unseen horror
  9010 | D:10     | Reached XP level 12. HP: 70/76 MP: 12/12
  9411 | D:11     | Found a staircase to the Orcish Mines.
  9592 | D:11     | Got the uncursed scale mail of the Trilobite {+Inv rF++
                  | Str-2 Stlth+}
  9607 | D:11     | Identified the +2 scale mail of the Trilobite {+Inv rF++
                  | Str-2 Stlth+} (You found it on level 11 of the Dungeon)
  9719 | D:11     | Noticed a seven-headed hydra
  9726 | D:11     | Killed a seven-headed hydra
  9942 | D:11     | Reached *** piety under Ashenzari
 10498 | D:12     | Reached skill level 10 in Fighting
 10777 | D:12     | Noticed a two-headed ogre
 10780 | D:12     | Killed a two-headed ogre
 10859 | D:12     | Noticed Sonja
 10871 | D:12     | Killed Sonja
 11105 | D:12     | Reached XP level 13. HP: 83/83 MP: 13/13
 11144 | D:12     | Found the +7 mace of Variability {chain chaos}
 11145 | D:12     | Found a shimmering altar of Xom.
 11939 | D:13     | Noticed Jorgrun
 12029 | D:13     | Noticed Kirke
 12336 | D:14     | Noticed a centaur warrior
 12384 | D:14     | Killed a centaur warrior
 13046 | D:14     | HP: 5/126 [freezing wraith (7)]
 13047 | D:14     | Slain by a freezing wraith

Levels and vault maps discovered:
D:1:      arrival_zaba_pyramid, layout_basic
D:2:      layout_loops_corners, first_ration
D:3:      layout_basic, okawaru_trees_1, ashenzari_altar_1
D:4:      layout_loops_ring, zin_academy, uniq_menkaure
D:5:      layout_loops_ring, nicolae_tso_besieged_by_evil,
          minmay_temple_entry_waves, uniq_crazy_yiuf_cottage, uniq_sigmund
D:6:      layout_cave_pools
D:7:      layout_cave_pods, kennysheep_mini, basic_altar
D:8:      layout_basic, lemuel_mausoleum_altar_kikubaaqudgha, slow_altar_1
D:9:      layout_roguey [special_room_bee], lemuel_blue_sif_altar, special_room
          [special_room_orc], grunt_ogre_cave
D:10:     layout_loops_cross, dpeg_lair_monsters, enter_bailey_1,
          kennysheep_kite_vault
D:11:     layout_gridville, david_orc_3, minivault_19,
          kennysheep_decorative_pillar, hangedman_decor_slide_cut,
          hangedman_abyss_or_decor_clamps, statue_in_the_mist_lemuel
D:12:     layout_layer_cave, grunt_decor_fettered,
          minmay_guarded_unrand_variability, uniq_sonja
D:13:     layout_basic, david_vaults_1, uniq_jorgrun, uniq_erolcha, uniq_snorg,
          uniq_kirke
D:14:     minmay_eight_partial_circles, layout_basic, minmay_misc_feat_plants
Bailey:   bailey_axe_4, bailey

Skill      XL: |  1  2  3  4  5  6  7  8  9 10 11 12 13 |
---------------+----------------------------------------+-----
Stealth        | 1 2 3 4 5 6 8 9 11 12 13 | 13.9
Dodging        | 4 5 6 7 9 10 11 12 | 12.4
Armour         | 1 2 3 4 5 6 7 8 |  8.6
Fighting       | 3 4 5 6 8 9 10 11 | 11.3
Short Blades   | 5 6 7 8 10 11 12 13 | 13.5
Throwing       | |  2.1

Action                   |  1- 3 |  4- 6 |  7- 9 | 10-12 | 13-15 || total
-------------------------+-------+-------+-------+-------+-------++-------
Melee: Rapier            |    99 |   110 |   442 |       |       ||   651
       Short sword       |       |       |    40 |   963 |   452 ||  1455
       Dagger            |       |       |       |    58 |       ||    58
       Quick blade       |       |       |       |     7 |       ||     7
Throw: Throwing net      |       |     5 |     5 |       |       ||    10
Evoke: Wand              |       |       |       |     5 |     1 ||     6
  Use: Potion            |       |       |    17 |     5 |     8 ||    30
       Scroll            |       |       |       |       |     4 ||     4
 Stab: Sleeping          |     1 |     3 |    14 |    28 |    14 ||    60
       Held in net/web   |       |     1 |     5 |       |       ||     6
       Distracted        |       |       |       |     3 |     2 ||     5
       Paralysed         |       |       |       |     1 |     3 ||     4
  Eat: Chunk             |     9 |     7 |     8 |    17 |     7 ||    48
Armor: Leather armour    |    15 |     9 |    71 |    65 |       ||   160
       Skin              |       |       |     3 |       |    20 ||    23
       Scale mail        |       |       |       |   107 |    82 ||   189
Dodge: Dodged            |    89 |    75 |   482 |   683 |   270 ||  1599

Table legend:
 A = Non-vault XP
 B = Vault XP
 C = Vault XP percentage of total XP
 D = Non-vault monster count
 E = Vault monster count
 F = Vault count percentage of total count
                 A         B        C        D         E       F
            +---------+---------+-------+---------+---------+-------
      Total |   28822 |   14974 |  34.2 |     270 |     101 |  27.2
            +---------+---------+-------+---------+---------+-------
        D:1 |      30 |       0 |   0.0 |      18 |       0 |   0.0
        D:2 |      71 |       0 |   0.0 |      18 |       0 |   0.0
        D:3 |      58 |       0 |   0.0 |      13 |       0 |   0.0
        D:4 |     475 |     165 |  25.8 |      11 |       1 |   8.3
        D:5 |     753 |     280 |  27.1 |      13 |      12 |  48.0
        D:6 |     813 |       0 |   0.0 |      20 |       0 |   0.0
        D:7 |     829 |       0 |   0.0 |      24 |       0 |   0.0
        D:8 |    2007 |     759 |  27.4 |      28 |      13 |  31.7
        D:9 |     341 |       0 |   0.0 |       5 |       0 |   0.0
       D:10 |    4240 |    4905 |  53.6 |      31 |      18 |  36.7
       D:11 |    3083 |     390 |  11.2 |      26 |       7 |  21.2
       D:12 |    7252 |    1177 |  14.0 |      37 |       3 |   7.5
       D:13 |    2196 |     588 |  21.1 |       6 |       3 |  33.3
       D:14 |    6674 |    5420 |  44.8 |      20 |      18 |  47.4
     Bailey |       0 |    1290 | 100.0 |       0 |      26 | 100.0
            +---------+---------+-------+---------+---------+-------
